 Dungeon Crawl Stone Soup version 0.23.0 (webtiles) character file.

Game seed: 635066983116032731

221501 Mgcat the Severer (level 18, -5/166 HPs)
             Began as a Minotaur Abyssal Knight on Feb 11, 2019.
             Was the Champion of Lugonu.
             Hit by a steel javelin thrown by a merfolk javelineer (13 damage)
             ... on level 4 of the Shoals.
             The game lasted 01:31:27 (36249 turns).

Mgcat the Severer (Minotaur Abyssal Knight)        Turns: 36249, Time: 01:31:28

Health: -5/166     AC: 44    Str: 26    XL:     18   Next: 50%
Magic:  0/28       EV: 10    Int: 17    God:    Lugonu [******]
Gold:   878        SH:  6    Dex: 11    Spells: 17/17 levels left

rFire    + + .     SeeInvis +   i - +3 broad axe (flame)
rCold    + . .     Gourm    .   X - +1 buckler {AC+3}
rNeg     . . .     Faith    .   r - +8 orange crystal plate armour {Archmagi, Int+3 Clar}
rPois    .         Spirit   +   x - +2 hat {SInv}
rElec    .         Reflect  .   y - scarf {rC+ rF+}
rCorr    .         Harm     .   E - +3 pair of gauntlets of War {Slay+5}
MR       ++...     Clarity  +   n - +1 pair of boots
Stlth    ..........             G - amulet of guardian spirit {Spirit}
HPRegen  0.37/turn              R - ring of protection from magic {MR+, !d}
MPRegen  0.21/turn              L - ring "Imnu" {rF+ Str+2 Int+5}

@: very slow
A: retaliatory headbutt, horns 2
}: 1/15 runes: serpentine
a: Depart the Abyss, Bend Space, Banish, Corrupt, Enter the Abyss, Brand Weapon
With Distortion, Renounce Religion


You were on level 4 of the Shoals.
You worshipped Lugonu.
Lugonu was exalted by your worship.
You were not hungry.

You visited 5 branches of the dungeon, and saw 31 of its levels.
You visited the Abyss 1 time.
You also visited: Gauntlet and Volcano.

You collected 3330 gold pieces.
You spent 2452 gold pieces at shops.

Inventory:

Hand Weapons
 i - a +3 broad axe of flaming (weapon)
   (You took it off a red draconian in a volcano)
Missiles
 w - 5 throwing nets {=f, !d}
Armour
 n - a +1 pair of boots (worn)
   (You found it on level 2 of the Dungeon)
 r - the +8 orange crystal plate armour (worn) {Archmagi, Int+3 Clar}
   (You bought it in a shop on level 2 of the Orcish Mines)

   It affects your intelligence (+3).
   It protects you against confusion.
 x - a +2 hat of see invisible (worn)
   (You took it off Gastronok on level 8 of the Dungeon)
 y - a scarf of resistance (worn)
   (You found it in a Gauntlet)
 E - the +3 pair of gauntlets of War (worn) {Slay+5}
   (You found it in a Gauntlet)

   It affects your accuracy and damage with ranged weapons and melee attacks
   (+5).
 X - a +1 buckler of protection (worn)
   (You took it off a tengu warrior on level 15 of the Dungeon)
Magical Staves
 j - an uncursed staff of energy {unknown}
   (You found it on level 4 of the Shoals)
Jewellery
 z - the ring "Ninlof" {rPois Str+5 Int-5}
   (You found it on level 8 of the Dungeon)

   [ring of poison resistance]

   It affects your strength (+5).
   It affects your intelligence (-5).
   It protects you from poison.
 G - an amulet of guardian spirit (around neck) {Spirit}
   (You found it on level 10 of the Dungeon)
 K - the ring "Loapofud" {+Inv rC+ rN+ MR- Str+3}
   (You took it off a minotaur in a Gauntlet)

   [ring of protection from cold]

   It affects your strength (+3).
   It protects you from cold.
   It protects you from negative energy.
   It affects your resistance to hostile enchantments.
   It lets you turn invisible.
 L - the ring "Imnu" (right hand) {rF+ Str+2 Int+5}
   (You found it in a Gauntlet)

   [ring of protection from fire]

   It affects your strength (+2).
   It affects your intelligence (+5).
   It protects you from fire.
 R - a ring of protection from magic (left hand) {MR+, !d}
   (You found it in a Gauntlet)
Wands
 a - a wand of scattershot (2)
   (You found it on level 2 of the Lair of Beasts)
 C - a wand of iceblast (22)
   (You found it on level 4 of the Lair of Beasts)
 Y - a wand of digging (4)
   (You found it on level 3 of the Shoals)
Scrolls
 d - 6 scrolls of amnesia
 f - 15 scrolls of identify
 g - 8 scrolls of teleportation
 k - 4 scrolls of blinking {!r}
 o - 10 scrolls of remove curse
 p - 8 scrolls of magic mapping {!r}
 N - 5 scrolls of silence
 O - 3 scrolls of fog
 P - 2 scrolls of enchant armour
 Q - 2 scrolls of fear
 T - a scroll of brand weapon
 V - a scroll of torment {!r}
 Z - a scroll of summoning
Potions
 b - 5 potions of lignification {!q}
 e - 9 potions of brilliance
 h - 2 potions of magic
 l - a potion of ambrosia
 m - 6 potions of curing
 q - 2 potions of resistance
 v - 5 potions of flight
 A - 2 potions of haste
 B - 2 potions of invisibility
 D - 3 potions of heal wounds
 M - 2 potions of mutation {!q}
 S - a potion of might
 U - 2 potions of cancellation
Miscellaneous
 t - a lamp of fire
   (You found it on level 10 of the Dungeon)
 u - a fan of gales
   (You found it on level 4 of the Shoals)
 F - 2 sacks of spiders
 I - a phial of floods
   (You found it on level 11 of the Dungeon)
Comestibles
 c - 39 rations
 s - 8 chunks of flesh {@w0}


   Skills:
 + Level 16.0 Fighting
 + Level 20.6 Axes
 + Level 16.0 Armour
 + Level 11.3 Dodging
 + Level 7.5 Shields
 - Level 15.0 Invocations
 + Level 9.4 Evocations


You had 17 spell levels left.
You didn't know any spells.
Your spell library contained the following spells:

 Spells                   Type           Power        Failure   Level  Hunger
 Animate Skeleton         Necr           N/A          99%         1    ##.....
 Corona                   Hex            #......      99%         1    ##.....
 Flame Tongue             Conj/Fire      #....        99%         1    ##.....
 Freeze                   Ice            #...         99%         1    ##.....
 Pain                     Necr           #...         99%         1    ##.....
 Sandblast                Erth           #.....       99%         1    ##.....
 Summon Butterflies       Summ           #.......     99%         1    ##.....
 Blink                    Tloc           N/A          100%        2    ###....
 Passwall                 Tmut/Erth      #.......     100%        2    ###....
 Poisonous Vapours        Pois/Air       #.....       100%        2    ###....
 Shroud of Golubria       Chrm/Tloc      #.........   100%        2    ###....
 Throw Flame              Conj/Fire      #.....       100%        2    ###....
 Throw Frost              Conj/Ice       #.....       100%        2    ###....
 Call Canine Familiar     Summ           #.......     100%        3    ####...
 Confuse                  Hex            #.......     100%        3    ####...
 Conjure Flame            Conj/Fire      #.......     100%        3    ####...
 Gell's Gravitas          Tloc           #.........   100%        3    ####...
 Inner Flame              Hex/Fire       #.......     100%        3    ####...
 Lesser Beckoning         Tloc           #.........   100%        3    ####...
 Mephitic Cloud           Conj/Pois/Air  #.......     100%        3    ####...
 Ozocubu's Armour         Chrm/Ice       #.......     100%        3    ####...
 Regeneration             Chrm/Necr      #.........   100%        3    ####...
 Spectral Weapon          Hex/Chrm       #.......     100%        3    ####...
 Static Discharge         Conj/Air       #.......     100%        3    ####...
 Stone Arrow              Conj/Erth      #.....       100%        3    ####...
 Summon Guardian Golem    Hex/Summ       #.......     100%        3    ####...
 Teleport Other           Tloc           #.......     100%        3    ####...
 Vampiric Draining        Necr           #.........   100%        3    ####...
 Animate Dead             Necr           N/A          100%        4    #####..
 Cause Fear               Hex            #.........   100%        4    #####..
 Fulminant Prism          Conj/Hex       #.........   100%        4    #####..
 Ice Form                 Ice/Tmut       #.......     100%        4    #####..
 Passage of Golubria      Tloc           N/A          100%        4    #####..
 Petrify                  Tmut/Erth      #.......     100%        4    #####..
 Sticky Flame             Conj/Fire      #.......     100%        4    #####..
 Summon Ice Beast         Ice/Summ       #.......     100%        4    #####..
 Throw Icicle             Conj/Ice       #.......     100%        4    #####..
 Bolt of Magma            Conj/Fire/Erth #.........   100%        5    ######.
 Borgnjor's Vile Clutch   Necr/Erth      #.........   100%        5    ######.
 Fireball                 Conj/Fire      #.........   100%        5    ######.
 Irradiate                Conj/Tmut      #.........   100%        5    ######.
 Lee's Rapid Deconstruct  Erth           #.........   100%        5    ######.
 Lightning Bolt           Conj/Air       #.........   100%        5    ######.
 Silence                  Hex/Air        #.........   100%        5    ######.
 Summon Mana Viper        Hex/Summ       #.......     100%        5    ######.
 Yara's Violent Unravell  Hex/Tmut       #.........   100%        5    ######.
 Bolt of Cold             Conj/Ice       #.........   100%        6    #######
 Deflect Missiles         Chrm/Air       #.........   100%        6    #######
 Freezing Cloud           Conj/Ice/Air   #.........   100%        6    #######
 Hydra Form               Tmut           #.........   100%        6    #######
 Invisibility             Hex            #.......     100%        6    #######
 Statue Form              Tmut/Erth      #........    100%        6    #######
 Dragon Form              Tmut           #.........   100%        7    #######
 Ring of Flames           Chrm/Fire      #.........   100%        7    #######
 Summon Hydra             Summ           #.........   100%        7    #######
 Discord                  Hex            #.........   100%        8    #######
 Ignition                 Fire           #.........   100%        8    #######
 Shatter                  Erth           #.........   100%        9    #######
 Tornado                  Air            #.........   100%        9    #######


Dungeon Overview and Level Annotations

Branches:
Dungeon (15/15)            Temple (0/1) D:7            Lair (6/6) D:11
 Shoals (4/4) Lair:2        Snake (4/4) Lair:4        Slime (0/5) Lair:5
    Orc (2/2) D:9             Elf (0/3) Orc:2        Vaults (0/5) D:14
 Depths (0/5) D:15

Altars:
Dithmenos
Gozag
Kikubaaqudgha
Okawaru
Qazlal
Trog
Vehumet

Shops:
D:9 *   D:13 [   Orc:2 :![::   Shoals:3 (

Portals:
Trove: D:12 (give +2 shadow dragon scales)

Annotations:
Lair:6 1 runed translucent door
Shoals:3 exclusion: oklob plant
Shoals:4 corrupted
Snake:4 corrupted
Abyss:1 Harold, Joseph


Innate Abilities, Weirdness & Mutations

You reflexively headbutt those who attack you in melee.
You have a pair of horns on your head.


Message History

The merfolk impaler barely misses you. You furiously retaliate!
You headbutt the merfolk impaler.
The merfolk javelineer hits you but does no damage.
You are more poisoned.
You block the merfolk siren's attack.
You take 2 damage, and have 55/166 hp.
You are too injured to fight recklessly!
Your unstable footing causes you to fumble your attack.
You feel sick.
The merfolk impaler hits you with a +1 trident of freezing.
The merfolk javelineer hits you but does no damage.
You are more poisoned.
The merfolk javelineer throws a steel javelin.
The steel javelin barely misses you.
You hear a splash.
You take 4 damage, and have 51/166 hp.
Spoiler Alert: The merfolk aquamancer can cast Primal Wave, Throw Icicle, and Blink!
You are too injured to fight recklessly!
Spoiler Alert: The merfolk aquamancer can cast Primal Wave, Throw Icicle, and Blink!
You closely miss the merfolk javelineer.
The merfolk javelineer is severely wounded.
You hit the merfolk impaler. You burn the merfolk impaler.
You feel sick.
The merfolk siren hits you but does no damage.
You are more poisoned.
You block the merfolk impaler's attack.
You take 1 damage, and have 50/166 hp.
You are too injured to fight recklessly!
Your unstable footing causes you to fumble your attack.
You feel very sick.
The merfolk impaler hits you with a +1 trident of freezing.
* * * LOW HITPOINT WARNING * * *
The merfolk javelineer throws a steel javelin.
The steel javelin hits you but does no damage.
You hear a splash.
The merfolk javelineer hits you but does no damage.
You are more poisoned.
The merfolk siren chants a haunting song.
You are unaffected.
You take 6 damage, and have 44/166 hp.
Spoiler Alert: The merfolk aquamancer can cast Primal Wave, Throw Icicle, and Blink!
You are too injured to fight recklessly!
Spoiler Alert: The merfolk aquamancer can cast Primal Wave, Throw Icicle, and Blink!
Your unstable footing causes you to fumble your attack.
You feel sick. You block the merfolk impaler's attack.
The merfolk javelineer hits you but does no damage.
You are lethally poisoned!
The merfolk javelineer throws a steel javelin.
The steel javelin hits you!
* * * LOW HITPOINT WARNING * * *
You hear a splash.
You take 9 damage, and have 35/166 hp.
You now have 11/28 mp.
Spoiler Alert: The merfolk aquamancer can cast Primal Wave, Throw Icicle, and Blink!
You are too injured to fight recklessly!
Spoiler Alert: The merfolk aquamancer can cast Primal Wave, Throw Icicle, and Blink!
You are too injured to fight recklessly!
Spoiler Alert: The merfolk aquamancer can cast Primal Wave, Throw Icicle, and Blink!
You are too injured to fight recklessly!
Spoiler Alert: The merfolk aquamancer can cast Primal Wave, Throw Icicle, and Blink!
Lugonu's Hand of Corruption reaches out!
You feel quite a bit more hungry.
* * * LOW HITPOINT WARNING * * *
You feel very sick.
The merfolk impaler hits you but does no damage.
The merfolk siren chants a haunting song.
You are unaffected.
The merfolk impaler hits you but does no damage.
The merfolk javelineer throws a steel javelin.
You block the steel javelin.
You hear a splash.
The merfolk javelineer hits you but does no damage.
Unknown command.
Unknown command.
Unknown command.
Unknown command.
You take 9 damage, and have 26/166 hp.
You now have 4/28 mp.
Spoiler Alert: The merfolk aquamancer can cast Primal Wave, Throw Icicle, and Blink!
Unknown command.
Spoiler Alert: The merfolk aquamancer can cast Primal Wave, Throw Icicle, and Blink!
Unknown command.
Spoiler Alert: The merfolk aquamancer can cast Primal Wave, Throw Icicle, and Blink!
Unknown command.
Spoiler Alert: The merfolk aquamancer can cast Primal Wave, Throw Icicle, and Blink!
Unknown command.
Spoiler Alert: The merfolk aquamancer can cast Primal Wave, Throw Icicle, and Blink!
Unknown command.
Spoiler Alert: The merfolk aquamancer can cast Primal Wave, Throw Icicle, and Blink!
Okay, then.
Spoiler Alert: The merfolk aquamancer can cast Primal Wave, Throw Icicle, and Blink!
Okay, then.
Spoiler Alert: The merfolk aquamancer can cast Primal Wave, Throw Icicle, and Blink!
You feel better.
The merfolk siren chants a haunting song.
You are unaffected.
The merfolk aquamancer gestures at you while chanting.
The shard of ice hits you!! You partially resist.
* * * LOW HITPOINT WARNING * * *
You block the merfolk impaler's attack.
The merfolk javelineer throws a steel javelin.
The steel javelin hits you!
You die...

≈≈≈≈≈≈...............≈≈≈≈≈≈≈≈
≈≈≈≈≈≈..............≈≈≈≈≈≈≈≈≈
≈≈≈≈≈≈≈..........≈≈.≈≈≈≈≈≈≈≈≈
(≈≈≈≈≈≈≈.........≈.#≈≈≈≈≈≈≈≈≈
≈≈≈≈≈≈≈≈≈≈≈≈≈.x.X≈43≈≈≈≈≈≈≈≈≈
≈≈≈≈≈≈≈≈≈#≈≈≈≈.....≈≈≈≈≈≈≈≈≈≈
'##≈≈≈≈≈≈...≈≈≈t..≈≈≈≈≈≈≈≈≈≈≈
(.##≈≈≈≈≈≈≈...##m##.≈≈≈≈≈≈≈≈≈
(..#≈≈≈≈≈≈≈..1.m@X.x...≈≈≈≈≈≈
(./#≈≈≈≈≈..≈Z.m..m.#...≈≈≈≈≈≈
)..#≈≈≈≈≈≈...X#φ#..#≈≈≈≈≈≈≈≈≈
.≈##≈≈≈≈≈≈#..#..≈m≈#≈≈≈≈≈≈≈≈
### ≈≈≈ ##.≈.#.≈≈≈≈≈≈≈ X≈
..###≈. ≈≈≈≈ . .≈ ≈≈ ≈.≈ .≈≈


You could see a merfolk impaler, 2 merfolk javelineers, a merfolk aquamancer, a
merfolk siren, a neutral starcursed mass, a neutral Executioner, a neutral
apocalypse crab, a neutral thrashing horror, 2 neutral large abominations, a
neutral hellwing, a neutral worldbinder, a neutral ynoxinul, a neutral small
abomination and a neutral anaconda zombie.

Vanquished Creatures
  Vashnia (Snake:2)
  Rupert (Lair:3)
  Frances (Snake:2)
  A kraken (Shoals:3)
  Gastronok (D:8)
  6 nagarajas
  A minotaur (Gauntlet)
  2 merfolk impalers
  2 fire dragons
  20 naga warriors
  An ogre mage (D:15)
  A yaktaur captain (D:14)
  5 hydras
  An ice dragon (D:15)
  6 merfolk avatars
  8 anacondas
  2 alligator snapping turtles
  7 centaur warriors
  7 two-headed ogres
  2 satyrs
  4 merfolk aquamancers
  A tengu warrior (D:15)
  Urug (D:13)
  6 death yaks (Lair:6)
  6 shock serpents
  24 naga sharpshooters
  5 salamander mystics
  An unseen horror (D:15)
  16 sea snakes
  A swamp dragon (Lair:6)
  3 naga ritualists
  Pikel (D:7)
  7 lindwurms
  A wolf spider zombie (D:14)
  6 harpies
  5 orc knights
  2 orc sorcerers (Orc:2)
  2 deep elf magi (D:13)
  An oklob plant (Gauntlet)
  11 ugly things
  13 mana vipers
  5 cyclopes
  8 fauns
  9 manticores
  12 elephants
  25 salamanders
  A centaur zombie (D:12)
  6 guardian serpents
  40 black mambas
  23 naga magi
  2 gargoyles
  A smoke demon (Gauntlet)
  10 merfolk sirens
  4 water nymphs
  6 spiny frogs
  7 torpor snails
  4 centaur skeletons
  6 rime drakes
  7 yaktaurs
  6 komodo dragons
  A red devil (Gauntlet)
  17 merfolk
  8 trolls
  4 wind drakes
  10 hornets
  2 polar bears
  3 tyrant leeches (Lair:6)
  3 blink frogs (Lair:5)
  13 hippogriffs
  9 slime creatures
  11 dream sheep
  A meliai zombie (D:13)
  8 snapping turtles
  2 centaur simulacra (Gauntlet)
  13 water elementals
  3 wraiths
  A vampire (D:15)
  3 wyverns (Lair:3)
  41 yaks
  2 steam dragons
  8 fire bats
  4 basilisks
  Grum (D:8)
  8 vampire mosquitoes
  Menkaure (D:5)
  3 hungry ghosts
  55 nagas
  Eustachio (D:5)
  A redback simulacrum (D:15)
  3 wargs
  18 water moccasins
  4 acid dragons
  5 porcupines
  A hydra simulacrum (Gauntlet)
  30 orc warriors
  12 ice beasts
  A swamp drake (Lair:6)
  3 black bears
  2 eyes of draining
  2 phantoms
  4 sky beasts
  8 ogres
  A necrophage (D:7)
  18 wolves
  4 boggarts (Lair:6)
  30 centaurs
  18 crocodiles
  4 big kobolds
  10 bullfrogs
  A wyvern zombie (D:14)
  A water moccasin skeleton (D:11)
  3 killer bees (D:12)
  6 electric eels
  A howler monkey (D:7)
  A bullfrog zombie (D:12)
  8 crimson imps
  6 lava snakes (Volcano)
  A quasit (D:13)
  10 jellies
  A gnoll shaman (D:4)
  11 orc priests
  6 hounds
  10 orc wizards
  5 iguanas
  6 worker ants
  A bullfrog simulacrum (D:10)
  2 hound zombies
  2 hound skeletons
  4 worker ant zombies
  7 gnolls
  2 howler monkey skeletons
  18 adders
  A river rat (D:6)
  A shadow imp (D:5)
  3 white imps (D:10)
  4 ufetubi (D:10)
  7 oozes
  2 adder skeletons
  6 worms
  13 leopard geckos
  69 orcs
  4 ball pythons
  5 giant cockroaches
  A goblin (D:1)
  7 hobgoblins
  14 jackals
  10 kobolds
  7 quokkas
  8 bats
  2 frilled lizards
  A jackal zombie (D:6)
  A leopard gecko skeleton (D:8)
  13 rats
  7 fungi
  6 plants
  3 tentacles (Shoals:3)
1098 creatures vanquished.

Vanquished Creatures (collateral kills)
  A red draconian (Volcano)
  A warg (Orc:1)
2 creatures vanquished.

Vanquished Creatures (others)
  6 nagarajas (Snake:4)
  A naga warrior (Snake:4)
  An alligator snapping turtle (Shoals:2)
  A shock serpent (Snake:4)
  3 sea snakes (Snake:4)
  A naga ritualist (Snake:4)
  A naga mage (Snake:4)
  2 guardian serpents (Snake:4)
  A vampire (D:14)
  8 nagas (Snake:4)
  2 slaves (D:7)
  A big kobold (D:7)
  A worker ant (D:12)
  2 kobolds (D:7)
  6 fungi
  24 plants
  5 tentacles (Shoals:3)
66 creatures vanquished.

Grand Total: 1166 creatures vanquished

Notes
Turn   | Place    | Note
-------+----------+-------------------------------------------
     0 | Abyss:1  | Mgcat the Minotaur Abyssal Knight began the quest for the
                  | Orb.
     0 | Abyss:1  | Reached XP level 1. HP: 19/19 MP: 1/1
   169 | Abyss:1  | Noticed a small abomination
   170 | D:1      | Escaped the Abyss
   189 | D:1      | HP: 4/19 [leopard gecko (5)]
   583 | D:1      | Reached * piety under Lugonu
   650 | D:1      | Reached skill level 2 in Invocations
   650 | D:1      | Reached XP level 2. HP: 27/27 MP: 2/2
  1078 | D:1      | Reached XP level 3. HP: 28/33 MP: 3/3
  1476 | D:2      | Reached skill level 4 in Fighting
  1549 | D:2      | Reached skill level 3 in Axes
  1734 | D:2      | Found a faded altar of an unknown god.
  1745 | D:2      | Reached skill level 3 in Armour
  2133 | D:3      | Reached ** piety under Lugonu
  2133 | D:3      | Reached skill level 2 in Dodging
  2723 | D:4      | Noticed an ogre
  2734 | D:4      | HP: 8/33 [ogre/+0 giant club (14)]
  2735 | D:4      | Killed an ogre
  2735 | D:4      | Reached XP level 4. HP: 5/41 MP: 0/5
  2735 | D:4      | Reached XP level 5. HP: 5/47 MP: 0/6
  3031 | D:4      | Found a radiant altar of Vehumet.
  3122 | D:4      | Reached skill level 3 in Invocations
  3305 | D:4      | Found a shadowy altar of Dithmenos.
  3366 | D:4      | Reached skill level 4 in Armour
  3366 | D:4      | Reached skill level 3 in Dodging
  3370 | D:4      | Reached skill level 4 in Axes
  3370 | D:4      | Reached XP level 6. HP: 39/55 MP: 4/7
  3462 | D:5      | Entered Level 5 of the Dungeon
  3574 | D:5      | Reached skill level 5 in Fighting
  3614 | D:5      | Noticed Eustachio
  3649 | D:5      | Killed Eustachio
  3733 | D:5      | Noticed Menkaure
  3743 | D:5      | Killed Menkaure
  3743 | D:5      | Reached XP level 7. HP: 37/61 MP: 5/8
  3948 | D:5      | Reached skill level 4 in Dodging
  4213 | D:5      | Reached skill level 4 in Invocations
  4231 | D:5      | Reached skill level 5 in Axes
  4231 | D:5      | Reached skill level 5 in Armour
  4516 | D:6      | HP: 10/61 [centaur/arrow (7)]
  4792 | D:6      | Found a glowing drain.
  4982 | D:6      | Reached *** piety under Lugonu
  4991 | D:6      | Reached skill level 5 in Dodging
  4991 | D:6      | Reached XP level 8. HP: 60/68 MP: 7/10
  5033 | D:6      | Reached skill level 6 in Axes
  5223 | D:6      | Reached skill level 5 in Invocations
  5512 | D:7      | Reached skill level 7 in Axes
  5554 | D:7      | Found a staircase to the Ecumenical Temple.
  5562 | D:7      | Found an opulent altar of Gozag.
  5683 | D:7      | Reached skill level 6 in Invocations
  5690 | D:7      | Noticed Harold
  5702 | D:7      | Banished Harold
  5702 | D:7      | Reached skill level 8 in Axes
  5760 | D:7      | Noticed a hippogriff
  5764 | D:7      | Noticed Pikel
  5772 | D:7      | Killed a hippogriff
  5772 | D:7      | Reached skill level 7 in Invocations
  5772 | D:7      | Reached XP level 9. HP: 60/74 MP: 10/13
  5796 | D:7      | Killed Pikel
  5796 | D:7      | Reached skill level 9 in Axes
  5920 | D:7      | Reached skill level 8 in Invocations
  6081 | D:8      | Noticed Joseph
  6199 | D:7      | Reached skill level 10 in Axes
  6290 | D:8      | Noticed Grum
  6592 | D:8      | Killed Grum
  6592 | D:8      | Reached skill level 9 in Invocations
  6811 | D:8      | Banished Joseph
  6865 | D:8      | Noticed Gastronok
  7201 | D:8      | Killed Gastronok
  7201 | D:8      | Reached skill level 11 in Axes
  7201 | D:8      | Reached skill level 10 in Invocations
  7201 | D:8      | Reached XP level 10. HP: 56/81 MP: 10/16
  7336 | D:8      | Got a steaming bone ring
  7337 | D:8      | Identified the ring "Ninlof" {rPois Str+5 Int-5} (You found
                  | it on level 8 of the Dungeon)
  7519 | D:8      | Reached skill level 12 in Axes
  7643 | D:9      | Identified a scroll of acquirement
  7815 | D:9      | Got a twisted ring mail
  7816 | D:9      | Identified the cursed +1 ring mail of the Commoners
                  | {*Corrode rF+ Int+4 SInv} (You found it on level 9 of the
                  | Dungeon)
  7824 | D:9      | Found a staircase to the Orcish Mines.
  7936 | D:9      | Reached **** piety under Lugonu
  8335 | D:9      | Reached skill level 13 in Axes
  8352 | D:9      | Found Feogug's Assorted Antiques.
  8359 | D:9      | Bought a scroll of identify for 44 gold pieces
  8884 | D:10     | Entered Level 10 of the Dungeon
  9163 | D:10     | Reached skill level 14 in Axes
  9163 | D:10     | Reached XP level 11. HP: 73/86 MP: 15/17
  9733 | D:10     | Reached ***** piety under Lugonu
  9745 | D:10     | Reached skill level 6 in Fighting
 10310 | D:11     | Reached skill level 7 in Fighting
 10521 | D:11     | Noticed a green ugly thing
 10540 | D:11     | Killed a green ugly thing
 10725 | D:11     | Reached skill level 15 in Axes
 10841 | D:11     | Reached skill level 8 in Fighting
 10934 | D:11     | Found a staircase to the Lair.
 11212 | Lair:1   | Entered Level 1 of the Lair of Beasts
 11465 | Lair:1   | Reached skill level 9 in Fighting
 11764 | Lair:1   | Reached XP level 12. HP: 73/106 MP: 13/18
 11899 | Lair:1   | Reached skill level 10 in Fighting
 11912 | Lair:1   | Reached skill level 16 in Axes
 12807 | Lair:2   | HP: 22/106 [merfolk/+0 trident (12)]
 12812 | Lair:2   | HP: 16/106 [yak[a torpor snail] (3)]
 12817 | Lair:2   | Reached skill level 17 in Axes
 12823 | Lair:2   | HP: 26/106 [yak[a torpor snail] (3)]
 12828 | Lair:2   | HP: 14/106 [torpor snail (8)]
 12832 | Lair:2   | HP: 3/106 [merfolk siren/+0 spear (7)]
 13249 | Lair:2   | Found a staircase to the Shoals.
 13919 | Lair:2   | Reached skill level 18 in Axes
 13954 | Lair:2   | Identified the Incunabulum of Assistive Beguiling
 14213 | Lair:3   | Reached skill level 1 in Evocations
 14217 | Lair:3   | Found a dark tunnel.
 14236 | Volcano  | Entered a volcano
 14308 | Volcano  | Reached ****** piety under Lugonu
 14356 | Volcano  | Reached skill level 2 in Evocations
 14444 | Volcano  | Noticed a red draconian
 14465 | Volcano  | Killed a red draconian
 14469 | Volcano  | Noticed a centaur warrior
 14485 | Volcano  | Killed a centaur warrior
 14485 | Volcano  | Reached skill level 3 in Evocations
 14485 | Volcano  | Reached XP level 13. HP: 33/113 MP: 3/19
 14486 | Volcano  | HP: 26/113 [yaktaur (7)]
 14794 | Volcano  | Found a radiant altar of Vehumet.
 14851 | Volcano  | Found a burning altar of Makhleb.
 15296 | Lair:3   | Noticed Rupert
 15309 | Lair:3   | Killed Rupert
 15309 | Lair:3   | Reached skill level 19 in Axes
 15309 | Lair:3   | Reached skill level 4 in Evocations
 15901 | Lair:4   | Found a gate leading to a gauntlet.
 15939 | Gauntlet | Entered a Gauntlet
 15939 | Gauntlet | Found a transporter.
 15939 | Gauntlet | Found a transporter.
 15941 | Gauntlet | Found a transporter.
 15943 | Gauntlet | Found a transporter.
 15957 | Gauntlet | Found a transporter.
 15958 | Gauntlet | Found a transporter.
 15967 | Gauntlet | Found a transporter.
 15968 | Gauntlet | Found the +3 pair of gauntlets of War {Slay+5}
 16057 | Gauntlet | Found a transporter.
 16059 | Gauntlet | Found a transporter.
 16070 | Gauntlet | Found a transporter.
 16073 | Gauntlet | Found a transporter.
 16088 | Gauntlet | Found a transporter.
 16153 | Gauntlet | Reached skill level 5 in Evocations
 16464 | Gauntlet | Identified the +4 war axe "Putett" {flame, *Corrode Int+5}
 16464 | Gauntlet | Identified the ring "Loapofud" {+Inv rC+ rN+ MR- Str+3}
 16464 | Gauntlet | Noticed a minotaur
 16476 | Gauntlet | Killed a minotaur
 16484 | Gauntlet | Got an ichor-stained robe
 16658 | Gauntlet | Identified the Collected Works on Snow and Stones
 16662 | Gauntlet | Got a coiled granite ring
 16665 | Gauntlet | Identified the ring "Imnu" {rF+ Str+2 Int+5} (You found it
                  | in a Gauntlet)
 16690 | Lair:4   | Found a staircase to the Snake Pit.
 16855 | Lair:4   | Found a runed translucent door.
 17036 | Lair:4   | Reached skill level 6 in Evocations
 17245 | Lair:4   | Got an ancient morningstar
 17246 | Lair:4   | Identified the cursed +0 morningstar of Change {crush,
                  | rElec rN+ MR+} (You found it on level 4 of the Lair of
                  | Beasts)
 17271 | Lair:5   | Found a staircase to the Slime Pits.
 17455 | Lair:5   | Reached skill level 1 in Shields
 17509 | Lair:5   | Reached skill level 7 in Evocations
 17550 | Lair:5   | Reached skill level 2 in Shields
 18399 | Lair:6   | Entered Level 6 of the Lair of Beasts
 18434 | Lair:6   | Reached skill level 20 in Axes
 18434 | Lair:6   | Reached skill level 3 in Shields
 18702 | Lair:6   | Reached skill level 4 in Shields
 18837 | Lair:6   | Reached XP level 14. HP: 87/121 MP: 18/20
 18940 | Lair:6   | Reached skill level 8 in Evocations
 18956 | Lair:6   | Found a runed translucent door.
 19233 | Lair:6   | Paralysed by a hornet for 1 turns
 19301 | Lair:6   | Reached skill level 6 in Armour
 19312 | Lair:6   | Reached skill level 6 in Dodging
 20085 | Lair:6   | HP: 23/122 [komodo dragon (8)]
 20407 | Lair:6   | Reached skill level 7 in Armour
 20444 | Lair:6   | Reached skill level 11 in Fighting
 20713 | Orc:1    | Entered Level 1 of the Orcish Mines
 21258 | Orc:2    | Entered Level 2 of the Orcish Mines
 21278 | Orc:2    | Reached skill level 7 in Dodging
 21293 | Orc:2    | Reached skill level 11 in Invocations
 21461 | Orc:2    | Found a staircase to the Elven Halls.
 21500 | Orc:2    | Found Jeyqyo's Book Boutique.
 22086 | Orc:2    | Reached skill level 8 in Armour
 22087 | Orc:2    | Found Vemnorio's Book Shop.
 22087 | Orc:2    | Found Keogiqud's Armour Emporium.
 22097 | Orc:2    | Found Siejeng Hixe's Distillery.
 22104 | Orc:2    | Found Kirask's Book Boutique.
 22446 | Orc:2    | Bought the +8 orange crystal plate armour {Archmagi, Int+3
                  | Clar} for 2023 gold pieces
 22446 | Orc:2    | Found the +8 orange crystal plate armour {Archmagi, Int+3
                  | Clar}
 22469 | Orc:2    | Bought a potion of haste for 130 gold pieces
 23031 | D:12     | Reached skill level 8 in Dodging
 23152 | D:12     | Reached XP level 15. HP: 127/132 MP: 20/22
 23316 | D:12     | Found a portal to a secret trove of treasure.
 23830 | D:13     | Reached skill level 12 in Fighting
 23859 | D:13     | Noticed Urug
 23875 | D:13     | Killed Urug
 23919 | D:13     | Reached skill level 9 in Armour
 24070 | D:13     | Got a fine iron amulet
 24071 | D:13     | Identified the amulet "Ofafo" {Harm *Drain *Slow rPois
                  | Dex+3} (You found it on level 13 of the Dungeon)
 24296 | D:13     | Found a stormy altar of Qazlal.
 24365 | D:13     | Found Kigoh's Antique Armour Boutique.
 24370 | D:13     | Bought a shiny buckler for 255 gold pieces
 25020 | D:14     | Reached skill level 9 in Dodging
 25214 | D:14     | Reached skill level 12 in Invocations
 25264 | D:14     | Found a gate to the Vaults.
 25464 | D:15     | Entered Level 15 of the Dungeon
 25525 | D:15     | Paralysed by an ogre mage for 6 turns
 25536 | D:15     | Reached skill level 10 in Armour
 25735 | D:15     | Reached skill level 13 in Fighting
 25983 | D:15     | Found a staircase to the Depths.
 26357 | Shoals:1 | Entered Level 1 of the Shoals
 26466 | Shoals:1 | Reached skill level 10 in Dodging
 27072 | Shoals:1 | Reached skill level 11 in Armour
 27159 | Shoals:1 | Reached XP level 16. HP: 133/144 MP: 24/24
 28112 | Shoals:2 | Reached skill level 13 in Invocations
 28556 | Shoals:2 | Reached skill level 14 in Fighting
 28810 | Shoals:3 | Found an iron altar of Okawaru.
 28853 | Shoals:3 | Reached skill level 12 in Armour
 28860 | Shoals:3 | HP: 35/146 [alligator snapping turtle (2)]
 29248 | Shoals:3 | Found Xekhlam's Weapon Emporium.
 29612 | Shoals:3 | Noticed a kraken
 29625 | Shoals:3 | Killed a kraken
 29957 | Snake:1  | Entered Level 1 of the Snake Pit
 30255 | Snake:1  | Reached skill level 15 in Fighting
 30269 | Snake:1  | Reached skill level 13 in Armour
 30291 | Snake:1  | Reached skill level 14 in Invocations
 30652 | Snake:1  | Found an ancient bone altar of Kikubaaqudgha.
 30751 | Snake:1  | Found a runed translucent door.
 31012 | Snake:2  | Noticed Vashnia
 31029 | Snake:2  | Killed Vashnia
 31029 | Snake:2  | Reached XP level 17. HP: 89/156 MP: 14/26
 31269 | Snake:2  | Reached skill level 14 in Armour
 31310 | Snake:2  | Noticed Frances
 31326 | Snake:2  | Killed Frances
 31337 | Snake:2  | Reached skill level 15 in Invocations
 31683 | Snake:2  | Reached skill level 15 in Armour
 32563 | Snake:3  | Reached skill level 5 in Shields
 32740 | Snake:3  | HP: 39/156 [poisoned by a naga mage (poison arrow)]
 32745 | Snake:3  | HP: 38/156 [poisoned by a naga mage (poison arrow)]
 32750 | Snake:3  | HP: 38/156 [poisoned by a naga mage (poison arrow)]
 32757 | Snake:3  | HP: 38/156 [poisoned by a naga mage (poison arrow)]
 32766 | Snake:3  | HP: 39/156 [poisoned by a naga mage (poison arrow)]
 33578 | Snake:4  | Entered Level 4 of the Snake Pit
 33664 | Snake:4  | Reached skill level 6 in Shields
 33670 | Snake:4  | Reached XP level 18. HP: 122/163 MP: 18/28
 34197 | Snake:4  | Corrupted Snake:4
 34203 | Snake:4  | Noticed a bone dragon
 34241 | Snake:4  | Reached skill level 9 in Evocations
 34590 | Snake:4  | Reached skill level 11 in Dodging
 34796 | Snake:4  | Found a bloodstained altar of Trog.
 35059 | Snake:4  | Reached skill level 7 in Shields
 35317 | Snake:4  | Got a serpentine rune of Zot
 35695 | Shoals:4 | Entered Level 4 of the Shoals
 36233 | Shoals:4 | Reached skill level 16 in Fighting
 36233 | Shoals:4 | Reached skill level 16 in Armour
 36247 | Shoals:4 | HP: 35/166 [merfolk javelineer/steel javelin (7)]
 36248 | Shoals:4 | Corrupted Shoals:4
 36249 | Shoals:4 | HP: 8/166 [merfolk aquamancer/shard of ice (29)]
 36249 | Shoals:4 | Hit by a steel javelin thrown by a merfolk javelineer

Skill      XL: |  1  2  3  4  5  6  7  8  9 10 11 12 13 14 15 16 17 18 |
---------------+-------------------------------------------------------+-----
Invocations    | 2 3 4 7 10 11 12 14 15 | 15.0
Fighting       | 4 5 9 10 11 13 15 16 | 16.0
Axes           | 3 4 5 8 11 14 15 18 20 | 20.6
Armour         | 3 4 5 8 11 13 15 16 | 16.0
Dodging        | 2 3 5 8 10 11 | 11.3
Evocations     | 3 7 8 9 |  9.4
Shields        | 4 6 7 |  7.5

Action                   |  1- 3 |  4- 6 |  7- 9 | 10-12 | 13-15 | 16-18 || total
-------------------------+-------+-------+-------+-------+-------+-------++-------
Melee: Hand axe          |   130 |    79 |   338 |   762 |       |       ||  1309
       Headbutt          |    12 |    11 |    66 |   215 |   244 |   245 ||   793
       Battleaxe         |       |       |       |   114 |     3 |       ||   117
       Broad axe         |       |       |       |       |  1048 |  1020 ||  2068
Throw: Tomahawk          |     4 |     8 |     1 |       |       |       ||    13
Invok: Depart the Abyss  |     1 |       |       |       |       |       ||     1
       Banish            |       |       |     4 |       |       |     2 ||     6
       Corrupt           |       |       |       |       |       |     2 ||     2
 Abil: Evoke Invisibilit |       |       |       |       |     1 |       ||     1
Evoke: Wand              |       |       |     9 |    10 |    12 |     1 ||    32
       Lamp of fire      |       |       |       |     1 |       |     1 ||     2
       Phantom mirror    |       |       |       |     1 |       |       ||     1
       Sack of spiders   |       |       |       |       |     1 |     1 ||     2
       Phial of floods   |       |       |       |       |     1 |       ||     1
       Lightning rod     |       |       |       |       |     4 |       ||     4
  Use: Potion            |       |     2 |     2 |     9 |     5 |     6 ||    24
       Scroll            |       |       |    12 |    17 |    13 |     6 ||    48
 Stab: Paralysed         |       |       |     8 |       |       |       ||     8
       Invisible         |       |       |       |       |     8 |       ||     8
  Eat: Chunk             |     5 |     4 |    11 |    22 |    32 |    16 ||    90
       Ration            |       |       |       |     2 |     3 |     5 ||    10
Armor: Leather armour    |    35 |       |       |       |       |       ||    35
       Plate armour      |    17 |    60 |   188 |    69 |       |       ||   334
       Chain mail        |     2 |       |       |       |       |       ||     2
       Fire dragon scale |       |       |       |   264 |   222 |       ||   486
       Crystal plate arm |       |       |       |       |   327 |   715 ||  1042
Dodge: Dodged            |    70 |    32 |   142 |   338 |   414 |   385 ||  1381
Block: Buckler           |       |       |       |       |   158 |   241 ||   399

Levels and vault maps discovered:
D:1:      lemuel_arrival_room, layout_basic
D:2:      layout_loops_ring, chequers_ecumenical_altar_island,
          chequers_serial_rivers_room_a
D:3:      layout_basic, first_ration, minmay_stone_trees_medium
D:4:      layout_rooms, nicolae_dithmenos_the_darkroom, vehumet_altar_wand_db
D:5:      wad_pebble_path, layout_basic, uniq_menkaure, uniq_eustachio
D:6:      layout_basic, gup_sewer_entry_spiral, chequers_decorated_corner
D:7:      layout_basic, minmay_temple_entry_butterflies, basic_altar,
          uniq_harold, uniq_pikel
D:8:      layout_rooms, uniq_grum, uniq_gastronok, uniq_joseph
D:9:      layout_grid_maze, orc_0_dummy, serial_shops,
          nicolae_shop_competitors_out_of_business
D:10:     layout_irregular_city, serial_ice, serial_ice_b, serial_ice_h,
          serial_ice_j, serial_ice_c, serial_ice_f, serial_ice_d, serial_ice_e,
          serial_ice_o, serial_ice_a, serial_ice_m
D:11:     layout_gridville, david_lair_shrubbed, hangedman_little_slice_of_home
D:12:     layout_stronghold, enter_trove_0, kennysheep_potato
D:13:     layout_big_octagon, basic_altar, serial_shops,
          nicolae_shop_overgrown_old_shop, minmay_tree_intersection, uniq_urug
D:14:     layout_loops_ring, david_vaults_2, kennysheep_generic_room_12
D:15:     grunt_enter_depths_hoard, layout_long_grid, serial_bayou_pond_c
Lair:1:   layout_misc_corridors, chequers_serial_rivers_micro_e,
          cheibrodos_lair_reptile_den
Lair:2:   layout_small_grid, elwin_shoals_entry_stream, minmay_lindwurm_lava
Lair:3:   layout_long_grid, nicolae_volcano_entry_batcave, st_stairs_12,
          serial_bayou_shore_a, uniq_rupert
Lair:4:   layout_hall_layers, minmay_snake_entry_six_corridors,
          gauntlet_entry_generic, pf_torpor_hydra, infiniplex_staircase_pool
Lair:5:   layout_layer_cave, nicolae_slime_entry_slimehenge, lemuel_fruit_fields
Lair:6:   guppyfry_lair_end_dragon, layout_long_grid, wormcave,
          kilobyte_rumbling_trees
Shoals:1: layout_shoals
Shoals:2: layout_shoals
Shoals:3: layout_shoals, serial_shops, shop, lemuel_oklob_altar
Shoals:4: shoals_end_simple, layout_shoals, uniq_roxanne
Snake:1:  layout_onion, basic_altar, lightli_airlock
Snake:2:  layout_cave_shapes, uniq_frances, uniq_vashnia
Snake:3:  layout_rooms, drop_trap, grunt_ministairs_12, st_stairs_12
Snake:4:  grunt_snake_rune_pools, layout_basic, basic_altar, grunt_megastairs_2
Orc:1:    layout_caves, mines_bat_river
Orc:2:    st_orc_rangers, layout_caves, serial_shops, shop_statue,
          abandoned_shop
Abyss:1
Volcano:  volcano_grotto [vgs_dualism]
Gauntlet: gammafunk_gauntlet_hard_choice [nicolae_gauntlet_arena_blocks,
          nicolae_gauntlet_arena_quarters, nicolae_gauntlet_swirl,
          gammafunk_gauntlet_arena_chambers, nicolae_gauntlet_arena_grate_2,
          nicolae_gauntlet_arena_x, nicolae_gauntlet_exit_dead_adventurers]

Table legend:
 A = Turns spent in this place as a percentage of turns spent in the entire game.
 B = Non-inter-level travel turns spent in this place as a percentage of non-inter-level travel turns spent in the entire game.
 C = Inter-level travel turns spent in this place as a percentage of turns spent in this place.
 D = Turns resting spent in this place as a percentage of non-inter-level travel turns spent in this place.
 E = Turns spent auto-exploring this place as a percentage of non-inter-level travel turns spent in this place.
 F = Non-inter-level travel turns spent in this place divided by the number of levels of this place that you've seen.
                   A       B       C       D       E      F
               +-------+-------+-------+-------+-------+----------------------
         Total | 100.0 | 100.0 |   5.7 |  19.2 |  59.9 | 1005.2
       Dungeon |  40.6 |  39.9 |   7.4 |  12.7 |  67.0 | 909.0
          Lair |  22.9 |  22.5 |   7.3 |  18.6 |  62.8 | 1279.5
        Shoals |  11.3 |  11.6 |   3.5 |  24.7 |  52.5 | 992.8
     Snake Pit |  15.5 |  16.0 |   3.0 |  28.9 |  48.8 | 1363.5
  Orcish Mines |   5.4 |   5.6 |   3.1 |  18.8 |  59.9 | 950.0
         Abyss |   0.5 |   0.5 |   0.0 |  15.9 |  83.5 | 170.0
       Volcano |   1.8 |   1.9 |   0.0 |  29.2 |  45.9 | 636.0
      Gauntlet |   2.0 |   2.1 |   0.0 |  34.9 |  27.2 | 734.0
               +-------+-------+-------+-------+-------+----------------------

Table legend:
 A = Kills in this place as a percentage of kills in entire the game.
 B = Kills by you in this place as a percentage of kills by you in the entire game.
 C = Kills by friends in this place as a percentage of kills by friends in the entire game.
 D = Other kills in this place as a percentage of other kills in the entire game.
 E = Experience gained in this place as a percentage of experience gained in the entire game.
 F = Experience gained in this place divided by the number of levels of this place that you have seen.
                   A       B       C       D       E      F
               +-------+-------+-------+-------+-------+----------------------
         Total | 100.0 | 100.0 | 100.0 | 100.0 | 100.0 | 9816.3
       Dungeon |  37.6 |  37.7 |   0.0 |  28.6 |  18.4 | 4094.6
          Lair |  18.5 |  18.7 |   0.0 |   0.0 |  17.9 | 9952.8
        Shoals |  10.4 |  10.4 |   0.0 |  14.3 |  17.0 | 14166.5
     Snake Pit |  21.7 |  21.5 |   0.0 |  57.1 |  40.6 | 33837.2
  Orcish Mines |   9.3 |   9.2 |  50.0 |   0.0 |   3.8 | 6374.0
       Volcano |   1.6 |   1.6 |  50.0 |   0.0 |   1.3 | 4400.0
      Gauntlet |   0.9 |   0.9 |   0.0 |   0.0 |   1.0 | 3455.0
               +-------+-------+-------+-------+-------+----------------------
